Map: Nightshade LE

Players

soO - Winner!

  • Race: Zerg Zerg
  • Spawn Location: 11:00

Namshar

  • Race: Zerg Zerg
  • League: Grandmaster
  • Spawn Location: 5:00

Event: StayAtHomestory Cup #1

VOD

Have the link to the VOD?

Description

Time

  • Played on: April 11, 2020, 9:02 a.m.
  • Length: 8:03

All games in this series

Show
View Real Time Build Order
Export as new Build Order

soO Zerg - Winner!

Build Orders: Hatch First 

Get SALT Encoding   

  12  0:01  Drone  
  13  0:12  Overlord  
  13  0:17  Drone  
  14  0:30  Drone x2  
  16  0:48  Hatchery  
  15  0:51  Drone  
  15  0:55  Drone  
  17  0:58  Drone  
  18  1:09  Extractor  
  17  1:13  Spawning Pool  
  17  1:16  Drone  
  17  1:19  Drone  
  18  1:27  Drone  
  19  1:38  Drone  
  20  1:49  Overlord  
  20  2:00  Queen x2  
  20  2:01  Drone x2  
  26  2:10  Drone  
  26  2:12  Drone, Metabolic Boost  
  28  2:21  Drone x2  
  30  2:32  Drone x2  
  32  2:37  Hatchery  
  32  2:43  Drone x2  
  33  2:52  Baneling Nest  
  33  2:53  Overlord  
  33  2:54  Drone  
  33  3:04  Zergling x2  
  33  3:05  Zergling x2  
  35  3:09  Drone  
  38  3:12  Queen  
  38  3:13  Drone x3  
  38  3:15  Zergling x2  
  38  3:17  Zergling x2  
  43  3:20  Zergling x2  
  43  3:26  Overlord  
  44  3:35  Baneling x2  
  44  3:36  Overlord  
  44  3:41  Overlord  
  44  3:46  Zergling x14  
  51  3:56  Drone  
  51  3:59  Baneling  
  51  4:01  Drone x2, Roach Warren  
  53  4:06  Hatchery  
  53  4:09  Extractor  
  51  4:13  Drone x2  
  53  4:19  Drone  
  53  4:30  Zergling x14  
  60  4:33  Zergling x2  
  54  4:42  Zergling x2  
  49  4:45  Lair  
  49  4:47  Zergling x2  
  49  4:51  Baneling x2  
  50  4:52  Evolution Chamber  
  50  4:55  Drone x2  
  50  4:56  Hatchery  
  50  4:59  Queen  
  52  5:04  Drone  
  52  5:05  Drone x3  
  52  5:06  Drone  
  56  5:08  Extractor  
  56  5:12  Baneling x2  
  51  5:23  Roach x2, Zerg Missile Weapons Level 1  
  51  5:25  Roach  
  51  5:28  Roach x3  
  63  5:32  Drone  
  63  5:34  Hatchery  
  63  5:35  Roach x2  
  67  5:38  Drone  
  68  5:44  Glial Reconstitution  
  68  5:46  Overlord  
  68  5:50  Overlord  
  68  5:55  Overlord  
  68  5:59  Overlord  
  68  6:02  Overlord  
  68  6:04  Roach x3  
  68  6:08  Roach  
  68  6:09  Roach  
  78  6:14  Roach x2  
  81  6:19  Roach  
  81  6:22  Roach x2  
  86  6:27  Roach  
  86  6:31  Roach  
  86  6:32  Roach x2  
  92  6:38  Roach  
  93  6:43  Roach  
  95  6:48  Roach x4  
  103  6:56  Roach  
  103  6:58  Drone x3  
  103  7:00  Drone x2  
  110  7:05  Drone  
  111  7:08  Overlord  
  111  7:09  Overlord  
  111  7:12  Ravager  
  112  7:20  Roach  
  114  7:23  Overlord  
  114  7:24  Overlord  
  114  7:26  Extractor  
  113  7:33  Drone x6  
  113  7:35  Roach x3  
  125  7:38  Roach  
  125  7:39  Roach  
  117  7:49  Drone x2  
  117  7:51  Drone x2  
  117  7:53  Extractor  
Show
View Real Time Build Order
Export as new Build Order

Namshar Zerg 

Build Orders: Hatch First, Zergling Baneling 

Get SALT Encoding   

  12  0:00  Drone  
  13  0:11  Overlord  
  13  0:16  Drone  
  14  0:30  Drone x2  
  16  0:46  Hatchery  
  15  0:50  Drone  
  15  0:53  Drone  
  15  0:56  Drone  
  18  1:07  Extractor  
  17  1:12  Spawning Pool  
  17  1:15  Drone  
  17  1:18  Drone  
  18  1:27  Drone  
  19  1:38  Drone  
  20  1:49  Drone  
  21  1:58  Drone, Queen  
  21  1:59  Queen, Overlord  
  26  2:07  Metabolic Boost  
  26  2:10  Zergling x2  
  26  2:11  Drone  
  28  2:20  Drone  
  28  2:21  Drone  
  30  2:32  Drone x2  
  32  2:37  Hatchery  
  32  2:42  Drone  
  32  2:43  Overlord  
  32  2:52  Zergling x2  
  32  2:53  Zergling x2  
  34  3:02  Zergling x2  
  34  3:03  Zergling x2  
  36  3:07  Zergling x12  
  42  3:13  Baneling Nest  
  42  3:14  Evolution Chamber  
  42  3:16  Drone  
  42  3:19  Overlord  
  41  3:28  Drone  
  41  3:29  Drone  
  43  3:39  Drone  
  43  3:40  Drone x6  
  50  3:51  Drone x4  
  50  3:55  Zerg Missile Weapons Level 1  
  53  4:03  Roach Warren  
  53  4:04  Overlord  
  52  4:10  Extractor  
  52  4:11  Extractor  
  52  4:13  Zergling x8  
  52  4:15  Baneling x2  
  52  4:16  Baneling x2  
  53  4:25  Zergling x14  
  44  4:43  Drone x2  
  44  4:44  Drone x3  
  40  4:48  Baneling x3  
  40  4:52  Baneling  
  40  4:55  Queen  
  40  4:58  Drone x2  
  40  4:59  Drone  
  41  5:23  Queen, Drone x2  
  41  5:25  Roach x3  
  50  5:30  Drone x5  
  55  5:40  Overlord  
  55  5:42  Roach  
  57  5:46  Roach x2  
  60  5:52  Drone  
  60  5:53  Drone x2  
  60  5:56  Overlord  
  63  6:03  Roach x2  
  67  6:10  Roach x3  
  72  6:30  Roach x7  
  81  6:35  Lair  
  81  6:44  Overlord x2  
  81  6:46  Drone  
  82  6:58  Overlord  
  82  7:05  Drone x6  
  88  7:13  Evolution Chamber  
  88  7:15  Drone x4  
  91  7:22  Roach x2  
  94  7:26  Roach x2  
  98  7:32  Overlord  
  98  7:34  Roach x2  
  102  7:42  Roach x4  
Tags
 
Add a new tag
Caveats
  • Supply blocks, unpowered buildings, or Contaminate may cause inaccurate times.
  • Supply counts are checked every 10 seconds.